 Dungeon Crawl Stone Soup version 0.22-a0-580-gd5db89c (webtiles) character file.

1995 iamserjio the Covered (level 9, -9/61 HPs)
             Began as a Halfling Berserker on July 3, 2018.
             Was a Priest of Trog.
             Mangled by a big kobold
             ... wielding a +2 dagger of electrocution
              (16 damage)
             ... on level 8 of the Dungeon.
             The game lasted 00:13:20 (1820 turns).

iamserjio the Covered (Halfling Berserker)          Turns: 1820, Time: 00:13:21

Health: -9/61      AC: 13    Str: 24    XL:     9   Next: 45%
Magic:  9/9        EV: 14    Int:  5    God:    Trog [***...]
Gold:   164        SH:  0    Dex: 14    Spells: 8/8 levels left

rFire    . . .     SeeInvis .   x - +4 war axe
rCold    . . .     Gourm    .   (shield restricted)
rNeg     . . .     Faith    .   i - +0 chain mail
rPois    .         Spirit   .   m - -1 helmet (curse)
rElec    .         Reflect  .   j - +1 cloak
rCorr    .         Harm     .   (no gloves)
MR       ++...                  (no boots)
Stlth    ..........             (no amulet)
HPRegen  1.20/turn              t - +3 ring of strength
MPRegen  0.11/turn              (no ring)

@: berserk cooldown, flying, regenerating, slowed, very slow
A: small, mutation resistance 1
a: Berserk, Trog's Hand, Renounce Religion


You were on level 8 of the Dungeon.
You worshipped Trog.
Trog was most pleased with you.
You were not hungry.

You visited 1 branch of the dungeon, and saw 8 of its levels.

You collected 164 gold pieces.

Inventory:

Hand Weapons
 a - a +0 hand axe
 q - a cursed -2 mace
 x - a +4 war axe (weapon)
Armour
 b - a +0 animal skin
 i - a +0 chain mail (worn)
 j - a +1 cloak (worn)
 m - a cursed -1 helmet (worn)
 u - a +0 plate armour
Jewellery
 t - a +3 ring of strength (left hand)
Wands
 o - a wand of enslavement (9)
 s - a wand of digging (11)
Scrolls
 e - a scroll of blinking {unknown}
 f - 2 scrolls of remove curse {unknown}
 h - 3 scrolls of identify {unknown}
 k - a scroll of silence {unknown}
 l - a scroll of teleportation {unknown}
 n - 2 scrolls of amnesia {unknown}
 p - 2 scrolls of enchant armour {unknown}
 r - a scroll of summoning {unknown}
Potions
 d - a potion of flight
 g - a potion of curing {@q1}
 w - a potion of degeneration {unknown}
 z - a potion of heal wounds {unknown}
Comestibles
 c - 3 rations


   Skills:
 + Level 5.1 Fighting
 * Level 7.4 Axes
 * Level 7.7 Armour
 + Level 5.6 Dodging


You had 8 spell levels left.
You didn't know any spells.
Your spell library contained the following spells:

 Spells                   Type           Power        Failure   Level  Hunger
 Confuse                  Hex            #.......     100%        3    ####...
 Confusing Touch          Hex            #.....       97%         1    ##.....
 Metabolic Englaciation   Hex/Ice        #.........   100%        5    ######.
 Petrify                  Tmut/Erth      #.......     100%        4    #####..
 Gell's Gravitas          Tloc           #.........   100%        3    ####...
 Yara's Violent Unravell  Hex/Tmut       #.........   100%        5    ######.


Dungeon Overview and Level Annotations

Branches:
Dungeon (8/15)             Temple (0/1) D:5
   Lair: D:8-11

Altars:
Elyvilon
Vehumet

Shops:
D:4 :[

Annotations:
D:8 Maurice


Innate Abilities, Weirdness & Mutations

You are small and have problems with some larger weapons.
You are somewhat resistant to further mutation.


Message History

The orc wizard mumbles some strange words.
The orc wizard blinks!
The kobold barely misses you. The warg bites you but does no damage.
It was a potion of curing.
You feel better. Something completely misses you. The warg bites you.
* * * LOW HITPOINT WARNING * * *
The kobold hits you but does no damage. The warg completely misses you.
The big kobold closely misses you. The kobold closely misses you.
The warg completely misses you. The kobold hits you.
* * * LOW HITPOINT WARNING * * *
Something hits you but does no damage. The warg closely misses you.
An orc wizard comes into view. It is wielding a dagger.
It was a potion of flight.
You feel very buoyant.
You fly up into the air.
The warg bites you.
* * * LOW HITPOINT WARNING * * *
The big kobold hits you with a dagger of electrocution.
* * * LOW HITPOINT WARNING * * *
You are electrocuted!
You die...

#.# #..#... #.#
#......h #.#
#...... #.##
#..... #..###...#
#...##...#
#........####.
#..KK.........
##.(@hK....o...
##...hK.#.....?.
#..##..#).......
#..####..........
....# #..........
#.###.
#.......... #?###
#.......... #. ##
#.......... # .#
#. .......


You could see 2 wargs, a big kobold, an orc wizard and 3 kobolds.

Vanquished Creatures
  Edmund (D:6)
  An orc warrior (D:8)
  An ice beast (D:7)
  A phantom (D:6)
  A necrophage (D:6)
  A centaur (D:5)
  3 ogres
  2 bullfrogs
  2 scorpions
  9 wights
  A howler monkey (D:6)
  A crimson imp (D:6)
  A bullfrog zombie (D:6)
  2 orc priests
  A hound (D:7)
  A centaur skeleton (D:7)
  An iguana (D:6)
  2 orc wizards
  Natasha (D:3)
  A statue (D:6)
  A worker ant (D:6)
  A killer bee zombie (D:8)
  A hound zombie (D:7)
  7 gnolls
  6 adders
  3 adder skeletons
  A worm (D:4)
  A dart slug (D:4)
  A leopard gecko (D:8)
  10 orcs
  A giant cockroach (D:1)
  2 goblins
  4 hobgoblins
  9 jackals
  2 quokkas
  A bat (D:2)
  A frilled lizard (D:2)
  6 kobolds
  A leopard gecko skeleton (D:5)
  4 rats
97 creatures vanquished.

Vanquished Creatures (others)
  A fungus (D:4)
1 creature vanquished.

Grand Total: 98 creatures vanquished

Notes
Turn   | Place    | Note
-------+----------+-------------------------------------------
     0 | D:1      | iamserjio the Halfling Berserker began the quest for the Orb.
     0 | D:1      | Reached XP level 1. HP: 15/15 MP: 1/1
    54 | D:2      | Reached XP level 2. HP: 20/20 MP: 2/2
   127 | D:2      | HP: 1/20 [hobgoblin/club (8)]
   161 | D:2      | Reached XP level 3. HP: 4/25 MP: 3/3
   235 | D:2      | Found a white marble altar of Elyvilon.
   383 | D:3      | Noticed Natasha
   387 | D:3      | Killed Natasha
   387 | D:3      | Reached XP level 4. HP: 31/31 MP: 4/4
   414 | D:4      | Found Arry's Book Emporium.
   477 | D:4      | Noticed an ogre
   484 | D:4      | Reached ** piety under Trog
   484 | D:4      | Reached XP level 5. HP: 36/36 MP: 5/5
   486 | D:4      | Killed an ogre
   554 | D:4      | Reached XP level 6. HP: 25/42 MP: 6/6
   645 | D:4      | Found Vueq Rukk's Antique Armour Boutique.
   713 | D:5      | Entered Level 5 of the Dungeon
   780 | D:5      | Found a staircase to the Ecumenical Temple.
   780 | D:5      | Noticed an ogre
   787 | D:5      | Killed an ogre
   787 | D:5      | Reached skill level 5 in Axes
   787 | D:5      | Reached XP level 7. HP: 35/47 MP: 7/7
   866 | D:5      | Reached skill level 5 in Armour
  1094 | D:6      | Reached XP level 8. HP: 54/54 MP: 8/8
  1276 | D:6      | Found a radiant altar of Vehumet.
  1447 | D:6      | Noticed Edmund
  1461 | D:6      | Killed Edmund
  1516 | D:6      | You fall through a shaft!
  1603 | D:7      | Reached skill level 5 in Dodging
  1616 | D:7      | Reached XP level 9. HP: 54/59 MP: 9/9
  1757 | D:8      | Reached skill level 5 in Fighting
  1781 | D:8      | Noticed Maurice
  1782 | D:8      | Paralysed by Maurice for 2 turns
  1795 | D:8      | Reached *** piety under Trog
  1820 | D:8      | Mangled by a big kobold

Vault maps used:
D:1:      scummos_arrival_star, minmay_fountain_box
D:2:      nicolae_overflow_hidden_temple, nicolae_overflow_crystal_walls
D:3:      cheibrodos_helix_gallery, chequers_ecumenical_altar_lobes,
          dk_noncrumbling_4, uniq_natasha
D:4:      first_ration, serial_shops, shop_fountains,
          nicolae_shop_overgrown_old_shop, uniq_pikel, uniq_crazy_yiuf_cottage
D:5:      marbit_many_paths, minmay_temple_entry_glass
D:6:      vehumet_statue, hangedman_decor_diamond_cutter, uniq_edmund
D:7:      grunt_decor_resistance, okawaru_gym_becter
D:8:      cheibrodos_ashenzari_chains, erik_lair_orcish_takeover, basic_altar,
          uniq_maurice

Skill      XL: |  1  2  3  4  5  6  7  8  9 |
---------------+----------------------------+-----
Armour         | 3 4 5 6 7 |  7.7
Fighting       | 3 4 5 |  5.1
Axes           | 4 5 6 7 |  7.4
Dodging        | 3 4 5 |  5.6

Action                   |  1- 3 |  4- 6 |  7- 9 || total
-------------------------+-------+-------+-------++-------
Melee: Hand axe          |    62 |    77 |   202 ||   341
       War axe           |       |       |    48 ||    48
Invok: Berserk           |     3 |     2 |     7 ||    12
       Trog's Hand       |       |     2 |     3 ||     5
  Use: Potion            |       |       |     2 ||     2
  Eat: Chunk             |       |     4 |    10 ||    14
       Ration            |       |       |     1 ||     1
Armor: Animal skin       |     5 |       |       ||     5
       Chain mail        |    19 |    46 |   111 ||   176
Dodge: Dodged            |    53 |    47 |   168 ||   268

Table legend:
 A = Spawn XP
 B = Non-spawn XP
 C = Spawn XP percentage of total XP
 D = Spawn monster count
 E = Non-spawn monster count
 F = Spawn count percentage of total count
 G = Total turns spent on level
                    A         B        C        D         E        F      G
               +---------+---------+-------+---------+---------+-------+---------
         Total |       0 |    2850 |   0.0 |       0 |      97 |   0.0 |  1820
               +---------+---------+-------+---------+---------+-------+---------
           D:1 |       0 |       3 |   0.0 |       0 |       2 |   0.0 |    45
           D:2 |       0 |      42 |   0.0 |       0 |      13 |   0.0 |   208
           D:3 |       0 |      49 |   0.0 |       0 |       8 |   0.0 |   164
           D:4 |       0 |     274 |   0.0 |       0 |      12 |   0.0 |   296
           D:5 |       0 |     427 |   0.0 |       0 |      17 |   0.0 |   255
           D:6 |       0 |     878 |   0.0 |       0 |      18 |   0.0 |   548
           D:7 |       0 |     545 |   0.0 |       0 |      10 |   0.0 |   211
           D:8 |       0 |     632 |   0.0 |       0 |      17 |   0.0 |    93
               +---------+---------+-------+---------+---------+-------+---------
